 Dungeon Crawl Stone Soup version 0.29-a0-553-g81b289dbe5 (webtiles) character file.

Game seed: 9342400911539530838

453 frimble the Cudgeller (level 7, -6/61 HPs)
             Began as a Meteoran Cinder Acolyte on June 7, 2022.
             Was a High Priest of Ignis.
             Mangled by a kobold brigand
             ... wielding a +0 whip
              (9 damage)
             ... on level 6 of the Dungeon.
             The game lasted 00:04:10 (1483 turns).

frimble the Cudgeller (Meteoran Cinder Acolyte)     Turns: 1483, Time: 00:04:11

Health: -6/61      AC:  2    Str: 15    XL:     7   Next: 51%
Magic:  1/14       EV: 11    Int: 19    God:    Ignis [*****.]
Gold:   160        SH:  0    Dex:  9    Spells: 12/14 levels left

rFire   + . .      SeeInvis .   a - -1 mace (flame)
rCold   . . .      Faith    .   (no shield)
rNeg    . . .      Spirit   .   b - +0 robe
rPois   .          Reflect  .   (no helmet)
rElec   .          Harm     .   (no cloak)
rCorr   .          Rampage  .   (no gloves)
Will    .....                   (no boots)
Stlth   +.........              (no amulet)
HPRegen 0.20/turn               (no ring)
MPRegen 0.14/turn               (no ring)

@: brilliant, flying, glowing
A: sense surroundings 1, otherworldly, glowing, explore regen
a: Renounce Religion, Fiery Armour, Foxfire Swarm, Rising Flame


You were on level 6 of the Dungeon.
You worshipped Ignis.
Ignis was extremely pleased with you.
You visited 1 branch of the dungeon, and saw 6 of its levels.

You collected 160 gold pieces.

Inventory:

Hand Weapons
 a - a -1 mace of flaming (weapon)
Armour
 b - a +0 robe (worn)
 r - a +0 helmet
Jewellery
 p - a ring of flight
Scrolls
 d - 2 scrolls of identify
 e - a scroll of immolation
 f - 2 scrolls of amnesia {unknown}
 g - 3 scrolls of magic mapping
 h - 3 scrolls of enchant armour {unknown}
 i - a scroll of blinking
 j - a scroll of summoning {unknown}
 m - a scroll of teleportation {unknown}
Potions
 c - a potion of cancellation
 k - a potion of haste
 l - a potion of curing
 o - a potion of lignification {unknown}
 s - a potion of brilliance


   Skills:
 + Level 5.0 Fighting
 + Level 6.1 Maces & Flails
 + Level 4.2 Spellcasting
 + Level 5.5 Fire Magic


You had 12 spell levels left.
You knew the following spells:

 Your Spells              Type           Power      Damage    Failure   Level
a - Scorch                Fire           74%        2d8       1%          2

Your spell library contained the following spells:

 Spells                   Type           Power      Damage    Failure   Level


Dungeon Overview and Level Annotations

Branches:
Dungeon (6/15)
 Temple: D:4-7

Altars:


Innate Abilities, Weirdness & Mutations

You passively map a small area around you.
You are easily found by Zot.
You glow in the dark.
You regain HP and MP as you explore.


Message History

* * * LOW HITPOINT WARNING * * *
You barely miss the kobold brigand.
The kobold brigand is moderately wounded.
The kobold brigand closely misses you.
You sock the kobold brigand! You burn the kobold brigand.
The kobold brigand is severely wounded.
The kobold brigand hits you with a +0 whip.
* * * LOW HITPOINT WARNING * * *
It was a potion of curing.
You feel better.
The kobold brigand hits you with a +0 whip.
* * * LOW HITPOINT WARNING * * *
It was a potion of brilliance.
You feel clever all of a sudden.
The kobold brigand hits you with a +0 whip.
* * * LOW HITPOINT WARNING * * *
It was a potion of flight.
You feel very buoyant.
You fly up into the air.
The kobold brigand barely misses you.
Casting: Scorch (safe; 1% risk of failure)
Confirm with . or Enter, or press ? or * to list all spells.
You feel a surge of power!
Flames lash the kobold.
You kill the kobold!
The kobold brigand hits you with a +0 whip!
* * * LOW HITPOINT WARNING * * *
Casting: Scorch (safe; 1% risk of failure)
Confirm with . or Enter, or press ? or * to list all spells.
You feel a surge of power!
Flames lash the kobold.
The kobold is severely wounded.
The kobold's fire resistance burns away.
The kobold brigand completely misses you.
Okay, then.
Throw: throwing net
Press: ? - help, Q - select action, (/) - cycle Shift-Dir - straight line, f - kobold brigand
Aim: a kobold brigand, wielding a +0 whip and quivering poisoned darts (severely wounded, 47% to hit)
You throw a throwing net.
The throwing net barely misses the kobold brigand.
The throwing net hits the kobold.
The kobold is caught in the net!
The kobold struggles against the net.
The kobold brigand hits you with a +0 whip!
You die...

#.......#....##.#
#.#
#.<.....####+####
#.## ##......##
,, #.##
#.......#, ,
,*#.## #.##.##.+
* #.#* #.##.# ##
* #.# ######....#
, * #.......#.# *
* * #.#####.#@# *
, #.# #.#K# , * ,
* #.# #.#K# * ,
#.# #.#K) ,, #.#
#.#.. , #.#
#..... ,, * #.#
###.#. , , *
#.... * ,


You could see a kobold brigand and 2 kobolds.

Vanquished Creatures
  3 phantoms
  A necrophage (D:6)
  A scorpion (D:4)
  A hound (D:5)
  An adder (D:3)
  4 worms
  2 dart slugs (D:1)
  7 orcs
  3 bats (D:2)
  8 endoplasms
  4 giant cockroaches
  4 goblins
  5 hobgoblins
  8 kobolds
  A quokka (D:4)
  4 ball pythons
  2 frilled lizards
  7 rats
66 creatures vanquished.

Vanquished Creatures (others)
  10 plants (D:2)
10 creatures vanquished.

Grand Total: 76 creatures vanquished

Notes
Turn   | Place    | Note
-------+----------+-------------------------------------------
     0 | D:1      | frimble the Meteoran Cinder Acolyte began the quest for the
                  | Orb.
     0 | D:1      | Reached XP level 1. HP: 19/19 MP: 3/3
    90 | D:1      | Reached XP level 2. HP: 26/26 MP: 5/5
   209 | D:1      | Reached XP level 3. HP: 14/31 MP: 6/6
   253 | D:1      | Found a faded altar of an unknown god.
   461 | D:2      | Learned a level 2 spell: Scorch
   545 | D:2      | Reached XP level 4. HP: 40/40 MP: 8/8
  1112 | D:5      | Entered Level 5 of the Dungeon
  1112 | D:5      | Noticed a phantom
  1116 | D:4      | Noticed a scorpion
  1118 | D:4      | Killed a phantom
  1119 | D:4      | Reached skill level 5 in Maces & Flails
  1119 | D:4      | Reached XP level 5. HP: 43/46 MP: 2/10
  1133 | D:5      | Reached XP level 6. HP: 29/53 MP: 4/11
  1195 | D:4      | Reached skill level 5 in Fire Magic
  1254 | D:4      | You fall into a shaft and drop 1 floor!
  1325 | D:4      | Reached XP level 7. HP: 33/60 MP: 4/13
  1453 | D:6      | Reached skill level 5 in Fighting
  1453 | D:6      | Reached skill level 6 in Maces & Flails
  1481 | D:6      | HP: 3/61 [kobold brigand/+0 whip (9)]
  1483 | D:6      | Mangled by a kobold brigand

Illustrated notes

Levels and vault maps discovered:
D:1:      lightli_arrival_windingriver, layout_basic,
          hellmonk_ecumenical_altar_blasted
D:2:      kb_forest_paths, layout_basic, grunt_ministairs_8,
          lexackson_kobold_supper
D:3:      layout_basic, minmay_misc_feat_four_crosses,
          nicolae_concentric_dashed_squares_mild
D:4:      layout_rooms, grunt_temple_overflow_holy_war, fountainhead
D:5:      lemuel_castle_with_subvaults [lemuel_castle_interior_carwin_2],
          layout_rooms, gammafunk_ghost_stat_death, minmay_misc_feat_square,
          dreamdust_princess_corridor, minmay_fractal_squares_diagonal_5
D:6:      layout_loops_ring, minmay_temple_entry_glassed_door,
          gup_sewer_entry_bowl, minmay_fractal_squares_gapless_5, uniq_maggie

Skill      XL: |  1  2  3  4  5  6  7 |
---------------+----------------------+-----
Spellcasting   | 2 3 4 |  4.2
Fire Magic     | 4 5 |  5.5
Fighting       | 4 5 |  5.0
Maces & Flails | 5 6 |  6.1

Action                   |  1- 3 |  4- 6 |  7- 9 || total
-------------------------+-------+-------+-------++-------
Melee: Mace              |    69 |    79 |    26 ||   174
Throw: Throwing net      |       |       |     1 ||     1
 Cast: Scorch            |     3 |    20 |    19 ||    42
  Use: Scroll            |     6 |       |     1 ||     7
       Potion            |       |       |     3 ||     3
Armor: Robe              |    18 |    15 |     5 ||    38
Dodge: Dodged            |    39 |    52 |    11 ||   102

Table legend: (Time is in decaauts)
 A = Elapsed time spent in this place.
 B = Non-inter-level travel time spent in this place.
 C = Inter-level travel time spent in this place.
 D = Time resting spent in this place.
 E = Time spent auto-exploring this place.
 F = Levels seen in this place.
 G = Mean time per level.
                   A        B        C        D        E       F      G
               +--------+--------+--------+--------+--------+-----+--------+
         Total |   1514 |   1436 |     78 |    123 |    787 |   6 |  252.3 |
       Dungeon |   1514 |   1436 |     78 |    123 |    787 |   6 |  252.3 |
               +--------+--------+--------+--------+--------+-----+--------+

Top non-repeatable levels by time:
     D:2: 419 daAuts
     D:1: 333 daAuts
     D:4: 276 daAuts
     D:3: 219 daAuts
     D:6: 147 daAuts
     D:5: 118 daAuts
